[Event "Titled Tuesday Blitz February 14 Early 2023"]
[White "Acor, Corey"]
[Black "Bodnaruk, Anastasia"]
[WhiteFideId "2024861"]
[BlackFideId "4181751"]
[WhiteElo "2216"]
[BlackElo "2350"]
[Result "0-1"]
[Round "05"]
[TimeControl "180+2"]
[Date "2023.02.15"]
[WhiteClock "0:00:02"]
[BlackClock "0:00:06"]

1. e4 c5 2. Nc3 d6 3. g3 Nc6 4. Bg2 g6 5. d3 Bg7 6. Be3 Rb8 7. Nge2 Nd4 8. O-O e6 9. Qd2 Ne7 10. a3 O-O 11. Rab1 b6 12. b4 Bb7 13. Rfc1 f5 14. f4 e5 15. Nd5 Re8 16. c4 Nxe2+ 17. Qxe2 Nxd5 18. cxd5 exf4 19. gxf4 Bxd5 20. Qc2 Ba8 21. Re1 Qh4 22. Kh1 Rbc8 23. bxc5 dxc5 24. e5 g5 25. Bxa8 Rxa8 26. Qg2 g4 27. d4 cxd4 28. Bxd4 Rad8 29. Bf2 Qe7 30. a4 Qe6 31. Rbd1 h5 32. Bh4 Rd7 33. Qe2 Kh7 34. Rxd7 Qxd7 35. Qc2 Qd5+ 36. Kg1 Qe6 37. Rd1 Bf8 38. Bg5 Bc5+ 39. Kg2 Qc6+ 40. Kg3 Qf3+ 41. Kh4 Qh3# 0-1


[Site "https://www.chess.com"]

[Event "Titled Tuesday Blitz February 14 Early 2023"]
[White "Pakleza, Zbigniew"]
[Black "Sharapov, Evgeny"]
[WhiteFideId "1119290"]
[BlackFideId "14103133"]
[WhiteElo "2494"]
[BlackElo "2375"]
[Result "0-1"]
[Round "05"]
[TimeControl "180+2"]
[Date "2023.02.15"]
[WhiteClock "0:00:04"]
[BlackClock "0:00:38"]

1. d4 Nf6 2. Nf3 c5 3. c3 e6 4. Bf4 d5 5. e3 Nc6 6. Nbd2 Bd6 7. Bg3 O-O 8. Bd3 b6 9. Ne5 Bb7 10. f4 Nd7 11. O-O f5 12. Ndf3 Ndxe5 13. fxe5 Be7 14. a3 a5 15. Qe2 Qc8 16. c4 dxc4 17. Bxc4 Ba6 18. Rac1 Bxc4 19. Qxc4 Qd7 20. Rfd1 Qd5 21. Qxd5 exd5 22. dxc5 Bxc5 23. Bf2 Rad8 24. Nd4 Bxd4 25. exd4 Rc8 26. Rc3 Ne7 27. Rdc1 Rxc3 28. Rxc3 Rc8 29. a4 Rxc3 30. bxc3 Kf7 31. Kf1 Ke6 32. Ke2 f4 33. Kd3 g5 34. c4 dxc4+ 35. Kxc4 Nd5 36. Kb5 Kd7 37. Kc4 Kc6 38. h3 h5 39. Kd3 Kd7 40. Kc4 Ke6 41. Kb5 g4 42. hxg4 hxg4 43. Kc6 g3 44. Bg1 Ne3 45. Kxb6 Kd5 46. e6 Kxe6 47. Kxa5 Nxg2 48. Kb5 f3 49. a5 f2 50. Bxf2 gxf2 51. d5+ Kxd5 0-1


[Site "https://www.chess.com"]

[Event "Titled Tuesday Blitz February 14 Early 2023"]
[White "Shapiro, Viktor"]
[Black "Galchenko, Matvey"]
[WhiteFideId "4175700"]
[BlackFideId "24175480"]
[WhiteElo "2192"]
[BlackElo "2438"]
[Result "1-0"]
[Round "05"]
[TimeControl "180+2"]
[Date "2023.02.15"]
[WhiteClock "0:00:18"]
[BlackClock "0:00:06"]

1. c4 e6 2. Nc3 d5 3. g3 d4 4. Na4 Nc6 5. Bg2 e5 6. d3 h6 7. a3 a5 8. Nf3 Nf6 9. O-O Be7 10. Rb1 O-O 11. b4 axb4 12. axb4 e4 13. dxe4 Nxe4 14. b5 Rxa4 15. Qxa4 Nc3 16. Qc2 Nb4 17. Rxb4 Bxb4 18. Bb2 Re8 19. Bxc3 dxc3 20. e3 c5 21. bxc6 bxc6 22. Nd4 c5 23. Nc6 Qf6 24. Qa4 Bd7 25. Rd1 Qe6 26. Bd5 Qf5 27. e4 Qg4 28. Qc2 Be6 29. Ne5 Qh3 30. f4 Bxd5 31. cxd5 f6 32. Nc4 Qg4 33. Re1 h5 34. d6 h4 35. Kf2 Kh8 36. Qd1 Qh3 37. Qh5+ Kg8 38. Qxe8+ Kh7 39. Qh5+ 1-0


[Site "https://www.chess.com"]

[Event "Titled Tuesday Blitz February 14 Early 2023"]
[White "Mamedov, Edgar"]
[Black "Orozbaev, Eldiar"]
[WhiteFideId "13739980"]
[BlackFideId "13802240"]
[WhiteElo "2193"]
[BlackElo "2235"]
[Result "0-1"]
[Round "05"]
[TimeControl "180+2"]
[Date "2023.02.15"]
[WhiteClock "0:00:01"]
[BlackClock "0:00:43"]

1. d4 d5 2. Bg5 c5 3. dxc5 Nc6 4. Nf3 f6 5. Bd2 e5 6. b4 e4 7. Ng1 d4 8. e3 dxe3 9. fxe3 Nge7 10. Ne2 Nd5 11. c3 Ne5 12. Nd4 Bg4 13. Qa4+ Kf7 14. Qc2 f5 15. c4 Nc7 16. Bc3 a5 17. a3 axb4 18. axb4 Rxa1 19. Bxa1 Be7 20. h3 Bh4+ 21. Kd2 Bh5 22. Kc1 g6 23. g4 Bg5 24. Qf2 Qa8 25. Bc3 Bxg4 26. hxg4 Nxg4 27. Qg3 Bxe3+ 28. Bd2 Bxd2+ 29. Kxd2 Qa2+ 30. Kc1 Ne8 31. Be2 Ngf6 32. Qb3 Qxb3 33. Nxb3 f4 34. Nd4 f3 35. Bxf3 exf3 36. Nxf3 Ng7 37. Nc3 Nf5 38. Ne5+ Kg7 39. Nd5 h5 40. b5 h4 41. c6 bxc6 42. Nxc6 h3 43. Nxf6 Kxf6 44. b6 Nd6 45. c5 Nb7 46. Nb4 Nxc5 47. Nd5+ Ke5 48. Ne3 g5 49. Kd2 Kf4 50. Nd5+ Kg3 51. Rg1+ Kf2 52. Rxg5 Ne4+ 0-1


[Site "https://www.chess.com"]

[Event "Titled Tuesday Blitz February 14 Early 2023"]
[White "Petukhov, Dmitry"]
[Black "Postny, Evgeny"]
[WhiteFideId "4142748"]
[BlackFideId "2804344"]
[WhiteElo "2350"]
[BlackElo "2549"]
[Result "1-0"]
[Round "05"]
[TimeControl "180+2"]
[Date "2023.02.15"]
[WhiteClock "0:00:19"]
[BlackClock "0:00:07"]

1. e4 c5 2. c3 b6 3. d4 Bb7 4. Bd3 g6 5. Nf3 Bg7 6. O-O Nf6 7. Re1 O-O 8. h3 cxd4 9. cxd4 d5 10. e5 Ne4 11. Nbd2 Nxd2 12. Bxd2 Ba6 13. Bxa6 Nxa6 14. e6 fxe6 15. Rxe6 Nc7 16. Re1 Qd6 17. Ne5 Ne6 18. Bc3 Nf4 19. Qg4 h5 20. Qg3 Kh7 21. Bd2 Bh6 22. Rac1 Nxh3+ 23. Qxh3 Bxd2 24. Rc6 Bxe1 25. Rxd6 Bxf2+ 26. Kh1 exd6 27. Qd7+ Kh6 28. Nf7+ Rxf7 29. Qxf7 Bg3 30. Kg1 Rc8 31. Kf1 Rc2 32. Qf8+ Kg5 33. Qe7+ Kg4 34. Qe6+ Kh4 35. Qxg6 Rf2+ 36. Kg1 Rxb2 37. Qf6+ Kg4 38. Qe6+ Kh4 39. Qh3+ Kg5 40. Qxg3+ Kf6 41. Qxd6+ 1-0


[Site "https://www.chess.com"]

[Event "Titled Tuesday Blitz February 14 Early 2023"]
[White "Ahmadzada, Ahmad"]
[Black "Bychkov, Vladimir"]
[WhiteFideId "13413007"]
[BlackFideId "24151513"]
[WhiteElo "2488"]
[BlackElo "2225"]
[Result "1-0"]
[Round "05"]
[TimeControl "180+2"]
[Date "2023.02.15"]
[WhiteClock "0:00:22"]
[BlackClock "0:01:08"]

1. Nf3 d5 2. g3 c5 3. Bg2 Nc6 4. O-O g6 5. c4 d4 6. e3 dxe3 7. fxe3 Bg7 8. Nc3 Nf6 9. d4 O-O 10. d5 Na5 11. Qe2 e6 12. e4 exd5 13. e5 Ne4 14. Nxd5 f5 15. exf6 Nxf6 16. Ng5 Bf5 17. Ne7+ Kh8 18. Nxf5 gxf5 19. Rxf5 Qd4+ 20. Be3 Qxc4 21. Qxc4 Nxc4 22. Bxc5 Ng4 23. Bxf8 Bd4+ 24. Kh1 Nf2+ 25. Rxf2 Bxf2 26. Be7 h6 27. Bf6+ Kg8 28. Bd5+ Kf8 29. Nh7+ 1-0


[Site "https://www.chess.com"]

[Event "Titled Tuesday Blitz February 14 Early 2023"]
[White "Turzo, Attila"]
[Black "Vasquez Schroeder, Rodrigo"]
[WhiteFideId "704954"]
[BlackFideId "3400042"]
[WhiteElo "2279"]
[BlackElo "2524"]
[Result "0-1"]
[Round "05"]
[TimeControl "180+2"]
[Date "2023.02.15"]
[WhiteClock "0:00:24"]
[BlackClock "0:00:25"]

1. d4 d5 2. c4 c6 3. Nc3 Nf6 4. e3 e6 5. Nf3 Nbd7 6. Be2 b6 7. b3 Bb7 8. Bb2 Bd6 9. O-O O-O 10. Bd3 Re8 11. Qe2 c5 12. cxd5 exd5 13. dxc5 bxc5 14. Rfd1 a6 15. Rac1 d4 16. Na4 Ng4 17. e4 Qe7 18. Re1 Nge5 19. Ba3 Nxd3 20. Qxd3 Bxe4 21. Qd2 Qf6 22. Qg5 Qxg5 23. Nxg5 Bc6 24. Nf3 Bxa4 25. bxa4 Bf8 26. Kf1 Rxe1+ 27. Kxe1 Rb8 28. Kd2 f6 29. Ne1 Kf7 30. Nd3 Rc8 31. Nb2 g6 32. Nc4 Bh6+ 33. Kd1 Bxc1 34. Bxc1 Ke6 35. Kc2 Ne5 36. Nb6 Rc6 37. a5 c4 38. f4 Nd3 39. Ba3 Nxf4 40. g3 Nd5 41. Na4 d3+ 42. Kd2 f5 43. Nc5+ Rxc5 44. Bxc5 Nf6 45. Kc3 Ne4+ 46. Kxc4 Nxc5 47. Kxc5 d2 48. Kb6 d1=Q 49. Kxa6 Qb1 50. Ka7 Kd7 51. a6 Kc8 0-1


[Site "https://www.chess.com"]

[Event "Titled Tuesday Blitz February 14 Early 2023"]
[White "Kukhmazov, Arsen"]
[Black "Donskov, Anatoly"]
[WhiteFideId "24108260"]
[BlackFideId "24143413"]
[WhiteElo "2512"]
[BlackElo "2279"]
[Result "0-1"]
[Round "05"]
[TimeControl "180+2"]
[Date "2023.02.15"]
[WhiteClock "0:00:29"]
[BlackClock "0:00:06"]

1. b3 e5 2. Bb2 Nc6 3. e3 Nf6 4. Bb5 e4 5. Ne2 Bd6 6. Ng3 a6 7. Bxc6 dxc6 8. Nc3 Qe7 9. d3 exd3 10. Qxd3 O-O 11. Nf5 Bxf5 12. Qxf5 Ba3 13. O-O-O Rfd8 14. g4 Bxb2+ 15. Kxb2 Rxd1 16. Rxd1 Rd8 17. g5 Ne8 18. Rxd8 Qxd8 19. f4 Nd6 20. Qe5 Qe8 21. Qxe8+ Nxe8 22. Ne4 b6 23. Kc3 Nd6 24. Ng3 c5 25. e4 Nb5+ 26. Kd3 g6 27. a4 Nd4 28. e5 Ne6 29. Ke3 Nd4 30. Kd3 Ne6 31. Ne2 Kf8 32. Ke4 c6 33. c3 b5 34. axb5 cxb5 35. Kd5 a5 36. Ke4 a4 37. bxa4 bxa4 38. Nc1 Ke7 39. h4 Kd7 40. f5 Nc7 41. Na2 Kc6 42. c4 a3 43. Kf4 Na6 44. e6 fxe6 45. f6 Kd7 46. Ke5 Nb4 47. Nc1 a2 48. Nb3 Nc2 49. f7 Ke7 50. f8=Q+ Kxf8 51. Kxe6 a1=Q 52. Nxa1 Nxa1 0-1


[Site "https://www.chess.com"]

[Event "Titled Tuesday Blitz February 14 Early 2023"]
[White "Degenbaev, Aziz"]
[Black "Harsh Suresh"]
[WhiteFideId "13802640"]
[BlackFideId "45018464"]
[WhiteElo "2203"]
[BlackElo "2298"]
[Result "0-1"]
[Round "05"]
[TimeControl "180+2"]
[Date "2023.02.15"]
[WhiteClock "0:00:04"]
[BlackClock "0:00:10"]

1. e4 c5 2. Nf3 g6 3. c3 Bg7 4. d4 cxd4 5. cxd4 d5 6. e5 Bg4 7. Bb5+ Nd7 8. Nc3 e6 9. O-O Ne7 10. h3 Bxf3 11. Qxf3 a6 12. Bxd7+ Qxd7 13. Ne2 O-O 14. Bg5 Rfc8 15. Rfc1 Nc6 16. h4 h6 17. Bf6 Bxf6 18. Qxf6 Qd8 19. Qf4 Kg7 20. Rc3 Na7 21. Rg3 Rc2 22. Rf3 Qe7 23. Ng3 Rac8 24. b3 Nb5 25. Re1 Rxa2 26. Kh2 Rac2 27. Ree3 Nc3 28. Nh5+ gxh5 29. Rg3+ Kh7 30. Ref3 Rc7 31. Qe3 Ne4 32. Rf6 Nxf6 33. exf6 Qxf6 34. Qd3+ Qf5 35. Qe3 Rxf2 0-1


[Site "https://www.chess.com"]

[Event "Titled Tuesday Blitz February 14 Early 2023"]
[White "Beerdsen, Thomas"]
[Black "Kavutskiy, Konstantin"]
[WhiteFideId "1030108"]
[BlackFideId "2026384"]
[WhiteElo "2507"]
[BlackElo "2414"]
[Result "1-0"]
[Round "05"]
[TimeControl "180+2"]
[Date "2023.02.15"]
[WhiteClock "0:00:33"]
[BlackClock "0:00:07"]

1. e4 c5 2. Nf3 Nc6 3. Bc4 e6 4. O-O Nf6 5. Re1 d6 6. Bb3 Be7 7. c3 O-O 8. d4 cxd4 9. cxd4 Bd7 10. Nc3 Na5 11. Bc2 Rc8 12. Bg5 b5 13. e5 Nd5 14. Nxd5 Bxg5 15. Nxg5 Qxg5 16. f4 Qh4 17. g3 Qd8 18. Ne3 dxe5 19. fxe5 Bc6 20. Qh5 g6 21. Qh6 Qxd4 22. Rad1 Qxe5 23. b4 Rfd8 24. Nd5 Qxe1+ 25. Rxe1 Bxd5 26. Bb1 Nc6 27. Qf4 Bc4 28. h4 Rd4 29. Qf6 Rg4 30. Re4 Rxe4 31. Bxe4 Nxb4 32. h5 gxh5 33. Qg5+ Kf8 34. Bxh7 Nd5 35. Qg8+ Ke7 36. Qxc8 1-0


[Site "https://www.chess.com"]

[Event "Titled Tuesday Blitz February 14 Early 2023"]
[White "Hajiyev, Kanan"]
[Black "Bashirli, Nail"]
[WhiteFideId "13404148"]
[BlackFideId "13406809"]
[WhiteElo "2197"]
[BlackElo "2326"]
[Result "0-1"]
[Round "05"]
[TimeControl "180+2"]
[Date "2023.02.15"]
[WhiteClock "0:00:02"]
[BlackClock "0:01:58"]

1. d4 Nf6 2. Nf3 e6 3. c4 Bb4+ 4. Bd2 Bxd2+ 5. Qxd2 Qe7 6. Nc3 O-O 7. g3 d6 8. Bg2 e5 9. dxe5 dxe5 10. Nd5 Nxd5 11. cxd5 e4 12. Ng5 Bf5 13. O-O h6 14. Nh3 Nd7 15. Rac1 Nf6 16. Qf4 Bxh3 17. Bxh3 Nxd5 18. Qg4 Rad8 19. Rc4 f5 20. Qg6 Rd6 21. Qh5 Qe5 22. f4 Qxb2 23. Bxf5 Qb6+ 24. Kh1 Ne3 0-1


[Site "https://www.chess.com"]

[Event "Titled Tuesday Blitz February 14 Early 2023"]
[White "Krstulovic, Alex"]
[Black "Lortkipanidze, Nodar"]
[WhiteFideId "760056"]
[BlackFideId "13604058"]
[WhiteElo "2428"]
[BlackElo "2406"]
[Result "0-1"]
[Round "05"]
[TimeControl "180+2"]
[Date "2023.02.15"]
[WhiteClock "0:00:05"]
[BlackClock "0:00:26"]

1. d4 e6 2. Nf3 b6 3. Bf4 Bb7 4. c4 f5 5. e3 Nf6 6. Nc3 Bb4 7. Qb3 a5 8. Be2 Ne4 9. O-O Bxc3 10. bxc3 a4 11. Qb2 O-O 12. c5 a3 13. Qb3 g5 14. Be5 g4 15. cxb6 cxb6 16. Ne1 Nc6 17. Bf4 Nd2 18. Qd1 Nxf1 19. Bxf1 d6 20. d5 Ne5 21. dxe6 Qe7 22. Qb3 Rac8 23. Nc2 Rc5 24. c4 Be4 25. Nd4 Ng6 26. Bg3 b5 27. cxb5 Bd5 28. Qxa3 h5 29. Rd1 h4 30. Bf4 h3 31. Nc6 Qxe6 32. Nb4 Nxf4 33. exf4 Bxg2 34. Bxg2 hxg2 35. Qd3 Qc4 36. Qxc4+ Rxc4 37. Nd5 Ra8 38. Rd2 Rc1+ 39. Kxg2 Rb1 40. b6 Kf7 41. Rc2 Ra5 42. Nc3 Rxb6 43. Rd2 Rba6 44. h3 gxh3+ 45. Kh2 Ra3 46. Nd5 Rxa2 47. Rd3 Rxf2+ 48. Kxh3 Raa2 49. Ne3 Ke6 50. Kg3 Rfe2 51. Nc4 Rg2+ 52. Kf3 Raf2+ 53. Ke3 Rg3+ 54. Kxf2 Rxd3 55. Ne3 Rxe3 56. Kxe3 Kd5 57. Kd3 Kc5 58. Kc3 d5 59. Kd3 d4 60. Kd2 Kc4 61. Kc2 d3+ 62. Kd1 Kd4 63. Kd2 Ke4 64. Ke1 Ke3 65. Kd1 d2 0-1


[Site "https://www.chess.com"]

[Event "Titled Tuesday Blitz February 14 Early 2023"]
[White "Heinemann, Josefine"]
[Black "Movahed, Sina"]
[WhiteFideId "12900460"]
[BlackFideId "42520835"]
[WhiteElo "2289"]
[BlackElo "2340"]
[Result "1-0"]
[Round "05"]
[TimeControl "180+2"]
[Date "2023.02.15"]
[WhiteClock "0:00:15"]
[BlackClock "0:00:17"]

1. e4 c5 2. Nf3 d6 3. Bb5+ Nd7 4. O-O Nf6 5. Re1 a6 6. Bf1 Rg8 7. d4 cxd4 8. Nxd4 g5 9. c4 g4 10. Nc3 e6 11. Be3 h5 12. Kh1 h4 13. b4 Ne5 14. a3 Bd7 15. Nb3 Bc6 16. Bd4 Rc8 17. Na5 Nfd7 18. Nxc6 Rxc6 19. b5 Rc8 20. bxa6 bxa6 21. Qa4 Bg7 22. Qxa6 Nc6 23. Bxg7 Rxg7 24. Nb5 Ke7 25. Qa4 g3 26. Qd1 Nde5 27. f3 h3 28. Qd2 gxh2 29. Rad1 Na5 30. Nxd6 hxg2+ 31. Bxg2 Rb8 32. Qf4 Nac6 33. Nf5+ exf5 34. Rxd8 Rxd8 35. exf5 f6 36. a4 Kf8 37. Qh4 Ne7 38. Qxf6+ Rf7 39. Qxe5 Kg8 40. f6 Ng6 41. Qg5 Kh7 42. Bh3 Rd6 43. Re7 Rxf6 44. Rxf7+ Rxf7 45. Bf5 Rg7 46. Bxg6+ Rxg6 47. Qxg6+ Kxg6 48. Kxh2 Kf5 49. a5 Kf4 50. a6 Kxf3 51. a7 Ke4 52. a8=Q+ Kd4 53. Qd5+ 1-0


[Site "https://www.chess.com"]

[Event "Titled Tuesday Blitz February 14 Early 2023"]
[White "Ajay, Karthikeyan"]
[Black "Andrews, Todd"]
[WhiteFideId "35011685"]
[BlackFideId "2012456"]
[WhiteElo "2454"]
[BlackElo "2220"]
[Result "1-0"]
[Round "05"]
[TimeControl "180+2"]
[Date "2023.02.15"]
[WhiteClock "0:01:01"]
[BlackClock "0:00:02"]

1. d4 Nf6 2. Bf4 g6 3. e3 Bg7 4. h3 d6 5. Nf3 O-O 6. c3 Nbd7 7. Nbd2 Qe8 8. Bh2 e5 9. dxe5 dxe5 10. e4 Nc5 11. Qc2 Nfd7 12. Bc4 c6 13. a4 Nb6 14. b4 Nxc4 15. Nxc4 Be6 16. Nd6 Qe7 17. bxc5 b6 18. O-O bxc5 19. Rad1 Rfd8 20. Nxe5 Rxd6 21. Nxg6 hxg6 22. Rxd6 Qg5 23. Rxc6 Rd8 24. f4 Qh5 25. f5 Bc4 26. Rf3 Qg5 27. Bf4 Qh4 28. Qf2 Rd1+ 29. Kh2 Qh5 30. g4 Qh7 31. Rc8+ Bf8 32. Rxf8+ Kxf8 33. Qxc5+ Kg8 34. Qc8+ Kg7 35. f6+ Kxf6 36. Qxc4 Qh4 37. Bg3+ 1-0


[Site "https://www.chess.com"]

[Event "Titled Tuesday Blitz February 14 Early 2023"]
[White "Costachi, Mihnea"]
[Black "Tinmaz, Kerem"]
[WhiteFideId "1217518"]
[BlackFideId "44559151"]
[WhiteElo "2476"]
[BlackElo "2177"]
[Result "0-1"]
[Round "05"]
[TimeControl "180+2"]
[Date "2023.02.15"]
[WhiteClock "0:00:12"]
[BlackClock "0:00:05"]

1. Nc3 d5 2. d4 Nf6 3. Bf4 c5 4. e3 cxd4 5. exd4 Qb6 6. Nb5 Na6 7. Nf3 Bd7 8. a4 e6 9. Ne5 Be7 10. Bd3 O-O 11. c3 Bxb5 12. a5 Qd8 13. Bxb5 Nc7 14. Bd3 a6 15. O-O Nb5 16. Bc2 Nd6 17. Qd3 g6 18. Bh6 Re8 19. g4 Bf8 20. Bxf8 Rxf8 21. f3 Nd7 22. Nxd7 Qxd7 23. h4 Kg7 24. h5 Qe7 25. Kg2 Rac8 26. Rh1 Rh8 27. Rh3 Qf6 28. Rah1 Qf4 29. Qe2 Nc4 30. Bd3 Nxa5 31. g5 Nc4 32. Kf2 b5 33. Rh4 Qxg5 34. Rg4 Qe7 35. Bxc4 bxc4 36. Rhg1 Rb8 37. h6+ Kf8 38. Ra1 Qb7 39. Ra2 Ke7 40. Rg1 Rhd8 41. Qe5 Qb3 42. Rga1 Qc2+ 43. Kg3 Rxb2 44. Rxb2 Qxb2 45. Qc7+ Rd7 46. Qc5+ Kf6 47. Qc8 Qxa1 48. Qh8+ Kg5 49. Qe5+ Kxh6 50. Qf4+ Kg7 51. Qe5+ Kg8 52. Qb8+ Kg7 53. Qe5+ f6 54. Qxe6 Qg1+ 55. Kh3 Qh1+ 56. Kg3 Rf7 57. Qxd5 Qg1+ 58. Kh3 Qe3 59. Kg3 Qg5+ 60. Qxg5 fxg5 61. d5 Rd7 62. d6 Rxd6 0-1


[Site "https://www.chess.com"]

[Event "Titled Tuesday Blitz February 14 Early 2023"]
[White "Korobov, Anton"]
[Black "Koridze, Lile"]
[WhiteFideId "14105730"]
[BlackFideId "13612514"]
[WhiteElo "2664"]
[BlackElo "2191"]
[Result "1-0"]
[Round "05"]
[TimeControl "180+2"]
[Date "2023.02.15"]
[WhiteClock "0:01:21"]
[BlackClock "0:01:48"]

1. d4 Nf6 2. Nf3 d5 3. c4 e6 4. Nc3 Bb4 5. e3 O-O 6. Bd3 c5 7. O-O cxd4 8. exd4 dxc4 9. Bxc4 Nc6 10. Bg5 h6 11. Bh4 Be7 12. Re1 a6 13. a4 b6 14. Rc1 Bb7 15. Bd3 Rc8 16. Bb1 Nb4 17. Ne5 Nbd5 18. Bg3 Bb4 19. Qd3 Ne7 20. Bh4 Nf5 21. Bxf6 Qxf6 22. g4 Qg5 23. f4 Qh4 24. gxf5 1-0


[Site "https://www.chess.com"]

[Event "Titled Tuesday Blitz February 14 Early 2023"]
[White "Mendonca, Leon Luke"]
[Black "Sadykov, Ramil"]
[WhiteFideId "35028561"]
[BlackFideId "24113590"]
[WhiteElo "2603"]
[BlackElo "2345"]
[Result "0-1"]
[Round "05"]
[TimeControl "180+2"]
[Date "2023.02.15"]
[WhiteClock "0:00:05"]
[BlackClock "0:00:07"]

1. Nf3 Nf6 2. c4 e6 3. b3 d5 4. Bb2 Be7 5. e3 O-O 6. Nc3 c5 7. cxd5 Nxd5 8. Qc2 Nc6 9. a3 Nf6 10. h4 e5 11. Bd3 h6 12. Ne4 Re8 13. Nxf6+ Bxf6 14. Bh7+ Kh8 15. Be4 Qd6 16. Ng5 Kg8 17. Bxc6 Qxc6 18. Qh7+ Kf8 19. Ne4 Ke7 20. Rc1 b6 21. O-O Ba6 22. Nxf6 gxf6 23. Rfe1 Rg8 24. e4 Rg6 25. d4 exd4 26. Bxd4 Rag8 27. g3 Qd7 28. h5 Rxg3+ 29. fxg3 Qxd4+ 30. Kg2 Qd2+ 31. Kh3 Bc8+ 32. Qf5 Bxf5+ 33. exf5+ Kf8 34. Rcd1 Qg5 35. Rd8+ Kg7 36. Rxg8+ Kxg8 37. g4 Qd2 38. Re8+ Kg7 0-1


[Site "https://www.chess.com"]

[Event "Titled Tuesday Blitz February 14 Early 2023"]
[White "Dobrikov, Marco"]
[Black "Rustemov, Alexander"]
[WhiteFideId "12950378"]
[BlackFideId "4119002"]
[WhiteElo "2269"]
[BlackElo "2525"]
[Result "1/2-1/2"]
[Round "05"]
[TimeControl "180+2"]
[Date "2023.02.15"]
[WhiteClock "0:00:08"]
[BlackClock "0:00:10"]

1. d4 d5 2. Bf4 Nf6 3. e3 c5 4. c3 Nc6 5. Nd2 Bg4 6. Qb3 Qc8 7. h3 Bh5 8. Ngf3 e6 9. Be2 Be7 10. Ne5 Bxe2 11. Kxe2 O-O 12. Rhe1 a6 13. Kf1 b5 14. Kg1 Qb7 15. Qc2 Rfc8 16. Qd3 cxd4 17. exd4 b4 18. Ndf3 Ne4 19. c4 b3 20. a3 Na5 21. c5 f6 22. Ng4 Qb5 23. Qd1 f5 24. Nge5 Bf6 25. Rc1 h6 26. Nd2 Ra7 27. Nxe4 fxe4 28. Rc3 Rb7 29. Qg4 Qe8 30. h4 Kh7 31. h5 Bxe5 32. Bxe5 Nc6 33. Ree3 Qf7 34. Rxb3 Rxb3 35. Rxb3 Nxe5 36. dxe5 Rxc5 37. Rb6 Rc1+ 38. Kh2 Rc2 39. Rxe6 Kg8 40. Rf6 Qe7 41. Rd6 Qxe5+ 42. Qg3 Qxg3+ 43. Kxg3 Rd2 44. b4 d4 45. Rxa6 d3 46. Rd6 Ra2 47. b5 Rxa3 48. Kf4 Ra4 49. Ke3 Rb4 50. Rd5 Kf7 51. g4 Ke6 52. Rf5 Rb2 53. Kxe4 d2 54. Rd5 Rxb5 55. Rxd2 Rb4+ 56. Kf3 Rb3+ 57. Kf4 Rb4+ 58. Kg3 Rb3+ 59. f3 Kf7 60. Rd6 Ra3 61. Rd5 Rb3 62. Rf5+ Kg8 63. Kh4 Ra3 64. f4 Ra1 65. g5 Rh1+ 66. Kg4 Rg1+ 67. Kf3 hxg5 68. Rxg5 Rh1 69. Kg2 Rh4 70. Kg3 Rh1 71. Ra5 Kh7 72. Kg4 Kh6 73. Ra6+ Kh7 74. Kg5 Rg1+ 75. Kf5 Rh1 76. Kg5 Rg1+ 77. Kh4 Rh1+ 78. Kg4 Rg1+ 79. Kf3 Rh1 80. Kg4 Rg1+ 81. Kf5 Rh1 82. h6 Rxh6 83. Rxh6+ Kxh6 84. Ke6 Kh5 85. f5 Kg5 86. Ke5 Kg4 87. f6 gxf6+ 88. Kxf6 1/2-1/2


[Site "https://www.chess.com"]

[Event "Titled Tuesday Blitz February 14 Early 2023"]
[White "Chylewski, Patryk"]
[Black "Boruchovsky, Avital"]
[WhiteFideId "1186191"]
[BlackFideId "2800055"]
[WhiteElo "2281"]
[BlackElo "2539"]
[Result "0-1"]
[Round "05"]
[TimeControl "180+2"]
[Date "2023.02.15"]
[WhiteClock "0:00:01"]
[BlackClock "0:01:26"]

1. d4 Nf6 2. c4 g6 3. Nc3 d5 4. cxd5 Nxd5 5. e4 Nxc3 6. bxc3 Bg7 7. Nf3 O-O 8. Be2 c5 9. O-O Qc7 10. Be3 Rd8 11. Rb1 Nc6 12. Qa4 Bg4 13. d5 Ne5 14. c4 Nxf3+ 15. Bxf3 Bxf3 16. gxf3 Be5 17. Kg2 Rf8 18. Bh6 Bg7 19. Bxg7 Kxg7 20. Qb3 b6 21. Qc3+ f6 22. Rfd1 Qd6 23. Qe3 g5 24. Re1 Qe5 25. Rb3 Rad8 26. Qc3 Kg6 27. Qxe5 fxe5 28. a4 Rd6 29. Ra1 Rf4 30. h3 h5 31. a5 g4 32. hxg4 hxg4 33. axb6 axb6 34. fxg4 Rxe4 35. Ra6 Rxg4+ 36. Kf3 Rxc4 37. Raxb6 Kf5 38. Ke3 Re4+ 39. Kf3 c4 0-1


[Site "https://www.chess.com"]

[Event "Titled Tuesday Blitz February 14 Early 2023"]
[White "Bilych, Olexiy"]
[Black "Ladan, Nicholas"]
[WhiteFideId "14156504"]
[BlackFideId "30918855"]
[WhiteElo "2441"]
[BlackElo "2228"]
[Result "1-0"]
[Round "05"]
[TimeControl "180+2"]
[Date "2023.02.15"]
[WhiteClock "0:01:10"]
[BlackClock "0:00:17"]

1. d4 d5 2. c4 e6 3. Nf3 Nf6 4. Nc3 Bb4 5. cxd5 exd5 6. Qa4+ Nc6 7. Bg5 O-O 8. e3 Be6 9. Bd3 Be7 10. O-O Nd7 11. Bf4 g6 12. a3 Re8 13. Qc2 Nb6 14. Rac1 Na5 15. Nb5 Rc8 16. Nxa7 Ra8 17. Bxc7 Rxa7 18. Bxd8 Bxd8 19. Bb5 Rf8 20. Ne5 f6 21. Nd3 Nac4 22. Nc5 Bf7 23. a4 Kg7 24. Qe2 Nc8 25. b3 Na5 26. Nd7 Nd6 27. Nxf8 Kxf8 28. b4 Nac4 29. Bxc4 dxc4 30. a5 Be7 31. e4 Ra6 32. e5 fxe5 33. dxe5 Nf5 34. Rxc4 Bxc4 35. Qxc4 Rc6 36. Qb5 Rc7 37. Qb6 Rd7 38. e6 Rd6 39. Qxb7 Rxe6 40. a6 Nd4 41. a7 Ne2+ 42. Kh1 Ng3+ 43. fxg3+ 1-0


[Site "https://www.chess.com"]

[Event "Titled Tuesday Blitz February 14 Early 2023"]
[White "Shimelkov, Vasiliy"]
[Black "Zemlyanskii, Ivan"]
[WhiteFideId "13701630"]
[BlackFideId "24249971"]
[WhiteElo "2159"]
[BlackElo "2300"]
[Result "0-1"]
[Round "05"]
[TimeControl "180+2"]
[Date "2023.02.15"]
[WhiteClock "0:00:05"]
[BlackClock "0:00:10"]

1. d4 Nc6 2. Nf3 d6 3. c4 e5 4. d5 Nce7 5. e4 Ng6 6. Nc3 Be7 7. Be2 Bg4 8. Be3 Bxf3 9. Bxf3 Bg5 10. Qd2 Bxe3 11. Qxe3 Nf6 12. h3 O-O 13. Ne2 Nd7 14. g4 Qh4 15. Ng3 Nf4 16. Nf5 Qd8 17. O-O-O g6 18. Ng3 Qh4 19. Rdg1 Nc5 20. Kb1 a5 21. Ne2 Ncd3 22. Rg3 Nxe2 23. Bxe2 Nf4 24. Bd1 Qe7 25. h4 c6 26. h5 Kg7 27. g5 cxd5 28. cxd5 Rac8 29. Qf3 Qc7 30. Qe3 Qc4 31. b3 Qb4 32. h6+ Kg8 33. Qe1 Qa3 34. Bg4 Rc5 35. Rc3 f5 36. gxf6 Rxf6 37. Rxc5 Qxc5 38. Qe3 Qxe3 39. fxe3 Nd3 40. Be6+ Kf8 41. Rd1 Nc5 42. Rc1 b5 43. Bg4 g5 44. a3 Rxh6 45. b4 axb4 46. axb4 Nxe4 47. Rc8+ Kg7 48. Bf5 Rh1+ 49. Kb2 Rh2+ 50. Kc1 Nd2 51. Rc7+ Kf6 52. Bxh7 Nc4 53. Bd3 Nxe3 54. Bxb5 Nxd5 55. Rb7 Nxb4 56. Bc4 Rc2+ 57. Kd1 Rxc4 0-1


[Site "https://www.chess.com"]

[Event "Titled Tuesday Blitz February 14 Early 2023"]
[White "Ilkhomi, Jaloliddin"]
[Black "Lianes Garcia, Marcos"]
[WhiteFideId "14700948"]
[BlackFideId "32060777"]
[WhiteElo "1997"]
[BlackElo "2411"]
[Result "0-1"]
[Round "05"]
[TimeControl "180+2"]
[Date "2023.02.15"]
[WhiteClock "0:00:06"]
[BlackClock "0:00:09"]

1. Nf3 g6 2. g3 Bg7 3. Bg2 c5 4. O-O Nc6 5. d3 e5 6. Nbd2 Nge7 7. e4 O-O 8. Re1 d6 9. a4 h6 10. c3 Be6 11. Rb1 Qd7 12. Nc4 Rfd8 13. b4 cxb4 14. cxb4 Bg4 15. Ne3 Be6 16. Ba3 Nd4 17. Nxd4 exd4 18. Nd5 Nxd5 19. exd5 Bg4 20. Qb3 Rac8 21. Bb2 Re8 22. Rbc1 Rxe1+ 23. Rxe1 Bf6 24. b5 b6 25. Qb4 Re8 26. Re4 Bf5 27. Rxe8+ Qxe8 28. h4 Qe5 29. Qd2 h5 30. Bc1 Qe7 31. Qc2 Qe1+ 32. Kh2 Kg7 33. Bf4 Be5 34. Bxe5+ Qxe5 35. Be4 Bg4 36. Kg2 Qe7 37. f3 Bd7 38. f4 Bg4 39. Qc4 Kg8 40. Qxd4 Qc7 41. Qf2 Qc3 42. Qe3 Qc2+ 43. Qf2 Qxa4 44. Bf3 Bf5 45. Be4 Bxe4+ 46. dxe4 Qxe4+ 47. Qf3 Qc4 48. Qe3 Qxb5 49. Qe4 a5 50. Kh2 a4 51. Qe7 Qxd5 52. Qe8+ Kg7 53. Qxa4 b5 54. Qa1+ Kg8 55. Qf6 Qe6 56. Qd8+ Kg7 57. Qb6 Qd5 58. Qb8 Qd2+ 59. Kh3 b4 60. Qb6 Qd1 61. Qxb4 Qh1# 0-1


[Site "https://www.chess.com"]